 Dungeon Sprint DCSS version 0.27.1-1-g398f81649c (webtiles) character file.

Game seed: 3168008031197487966

282 styxcanada the Covert (level 6, -4/32 HPs)
             Began as a Spriggan Brigand on Sept 17, 2021.
             Was an Initiate of Gozag.
             Killed from afar by a burning bush (16 damage)
             ... with a puff of flame
             ... in the Dungeon (Sprint IV: "Fedhas' Mad Dash").
             The game lasted 00:04:07 (509 turns).

styxcanada the Covert (Spriggan Brigand)             Turns: 509, Time: 00:04:09

Health: -4/32      AC:  3    Str:  7    XL:     6   Next: 6%
Magic:  9/11       EV: 20    Int: 12    God:    Gozag
Gold:   210        SH:  0    Dex: 19    Spells: 8/11 levels left

rFire    . . .     SeeInvis +   a - +2 dagger
rCold    . . .     Faith    .   (shield restricted)
rNeg     . . .     Spirit   .   b - +0 robe
rPois    +         Reflect  .   (helmet restricted)
rElec    .         Harm     .   c - +0 cloak
rCorr    .         Rampage  .   (gloves unavailable)
Will     +....     NoTele   +   (boots unavailable)
Stlth    ++++++....             l - amulet of invisibility {+Inv}
HPRegen  0.10/turn              m - ring of poison resistance
MPRegen  0.12/turn              (no ring)

@: gold aura, very slightly contaminated, invisible, very quick
A: very small, no large weapons, unfitting armour, see invisible, speed 3
a: Renounce Religion, Evoke Invisibility, Potion Petition, Call Merchant, Bribe
Branch


You were in the Dungeon.
You worshipped Gozag.
Gozag was aware of your devotion.
You visited 1 branch You collected 396 gold pieces.
You spent 186 gold pieces at shops.

Inventory:

Hand Weapons
 a - a +2 dagger (weapon)
 d - a +0 short sword of flaming
Missiles
 e - 8 poisoned darts (quivered)
 n - a curare-tipped dart
Armour
 b - a +0 robe (worn)
 c - a +0 cloak (worn)
Jewellery
 l - the amulet of invisibility (around neck) {+Inv}
   (You found it in the Dungeon)

   [amulet of nothing]

   +Inv:      It lets you turn invisible.
 m - a ring of poison resistance (left hand)
Scrolls
 k - a scroll of blinking
 o - a scroll of enchant armour {unknown}
Potions
 f - 2 potions of curing
 g - 2 potions of heal wounds
 h - a potion of haste
 i - 2 potions of magic
 j - a potion of berserk rage
 p - 3 potions of might


   Skills:
 * Level 3.6 Fighting
 + Level 3.4 Short Blades
 + Level 4.0 Throwing
 * Level 5.6 Dodging
 * Level 14.8 Stealth
 * Level 3.0 Spellcasting
 * Level 3.0 Hexes
 * Level 1.3 Evocations


You had 8 spell levels left.
You knew the following spells:

 Your Spells              Type           Power      Damage    Failure   Level
a - Tukima's Dance        Hex            9%         N/A       22%         3

Your spell library contained the following spells:

 Spells                   Type           Power      Damage    Failure   Level
 Passage of Golubria      Tloc           N/A        N/A       94%         4
 Yara's Violent Unravell  Hex/Tmut       2%         3d3       98%         5


Dungeon Overview and Level Annotations

Branches:
Dungeon (1/1)

Altars:
Cheibriados
Dithmenos
Elyvilon
Gozag
Hepliaklqana
Kikubaaqudgha
Makhleb
Nemelex Xobeh
Okawaru
Qazlal
Ru
Sif Muna
Trog
Uskayaw
Vehumet
Wu Jian
Xom
Yredelemnul
Zin
The Shining One
Beogh
Jiyva
Lugonu

Shops:
D *!


Innate Abilities, Weirdness & Mutations

You are very small and have problems with some larger weapons.
You are too small for most types of armour.
You have supernaturally acute eyesight. (SInv)
You cover ground extremely quickly. (Speed+++)


Message History

You now have 396 gold pieces (gained 1).
There is an entrance to Xilephi's Distillery here.
There is an entrance to Nattiz's Assorted Antiques here.
o - a scroll labelled MAUSTI KUFA;
p - a fizzy cyan potion
p - 2 fizzy cyan potions (gained 1) Thank you for shopping at Nattiz's Assorted Antiques!
There is an entrance to Xilephi's Distillery here.
g - 2 potions of heal wounds (gained 1);
q - a potion of degeneration
p - 3 potions of might (gained 1) Thank you for shopping at Xilephi's Distillery!
There is an open door here.
Drop what? 17/52 slots (_ for help) (? for menu, Esc to quit)
You drop a potion of degeneration.
There is an open door here.
You start waiting.
Done waiting.
You fail to use your ability.
You fail to use your ability.
You fade into invisibility!
You are very lightly contaminated with residual magic.
You open the door.
A wandering mushroom and a burning bush come into view.
Found 30 gold pieces.
A scorpion and a wandering mushroom come into view.
The burning bush throws fire at you. The puff of flame hits you!
There is an open door here.
You see here 12 gold pieces.
You hit the burning bush but do no damage.
The burning bush throws fire at you. The puff of flame hits you!
Unknown command.
The helpless wandering mushroom fails to defend itself.
You perforate the wandering mushroom like a sieve!!!!
You destroy the wandering mushroom!
The burning bush throws fire at you. The puff of flame hits you!
Ouch! That really hurt!
You die...
Your body crumbles into a pile of gold.

###################
_._.⌠.#.)'.).#.s..#
._._..'..#!..#.f.P+
_._...#..###'##.@$#
$$
._._..#..##∩∩.'..$#
_._.⌠.#############
####### $ $ $ $ $


You could see a wandering mushroom (dormant), a burning bush and a scorpion
(asleep).

Vanquished Creatures
  A wandering mushroom (D)
  2 scorpions (D)
  3 oklob saplings (D)
  2 spriggans (D)
  A river rat (D)
  A rat (D)
10 creatures vanquished.

Vanquished Creatures (others)
  A fungus (D)
1 creature vanquished.

Grand Total: 11 creatures vanquished

Notes
Turn   | Place    | Note
-------+----------+-------------------------------------------
     0 | D        | styxcanada the Spriggan Brigand began the quest for the
                  | Orb.
     0 | D        | Reached XP level 1. HP: 10/10 MP: 2/2
    17 | D        | Reached skill level 6 in Stealth
    26 | D        | Reached skill level 8 in Stealth
    26 | D        | Reached XP level 2. HP: 15/15 MP: 3/3
    42 | D        | Noticed an oklob sapling
    44 | D        | Killed an oklob sapling
    45 | D        | Reached skill level 9 in Stealth
    45 | D        | Reached XP level 3. HP: 18/18 MP: 4/4
    46 | D        | Noticed a scorpion
    46 | D        | Found the amulet of invisibility {+Inv}
    48 | D        | Killed a scorpion
    49 | D        | Reached skill level 11 in Stealth
    49 | D        | Reached XP level 4. HP: 23/23 MP: 5/5
    74 | D        | Learned a level 3 spell: Tukima's Dance
    78 | D        | Found an opulent altar of Gozag.
    78 | D        | Found a hazy altar of Hepliaklqana.
    78 | D        | Found a burning altar of Makhleb.
    78 | D        | Found a sparkling altar of Nemelex Xobeh.
    78 | D        | Found a sacrificial altar of Ru.
    78 | D        | Found a shimmering blue altar of Sif Muna.
    78 | D        | Found an ornate altar of the Wu Jian Council.
    78 | D        | Found a shimmering altar of Xom.
    78 | D        | Found a basalt altar of Yredelemnul.
    79 | D        | Found a viscous altar of Jiyva.
    79 | D        | Found a snail-covered altar of Cheibriados.
    79 | D        | Found a bloodstained altar of Trog.
    80 | D        | Found an iron altar of Okawaru.
    80 | D        | Found a shadowy altar of Dithmenos.
    80 | D        | Found a glowing silver altar of Zin.
    81 | D        | Found an ancient bone altar of Kikubaaqudgha.
    81 | D        | Found a hide-covered altar of Uskayaw.
    82 | D        | Found a stormy altar of Qazlal.
    82 | D        | Found a white marble altar of Elyvilon.
    82 | D        | Found a glowing golden altar of the Shining One.
    83 | D        | Became a worshipper of Gozag Ym Sagoz the Greedy
    84 | D        | Found a corrupted altar of Lugonu.
    84 | D        | Found a radiant altar of Vehumet.
    89 | D        | Reached skill level 12 in Stealth
    89 | D        | Reached skill level 1 in Spellcasting
    89 | D        | Reached skill level 1 in Hexes
    89 | D        | Reached XP level 5. HP: 28/28 MP: 3/8
   101 | D        | Reached skill level 13 in Stealth
   148 | D        | Reached skill level 5 in Dodging
   149 | D        | Reached skill level 14 in Stealth
   149 | D        | Reached skill level 1 in Evocations
   201 | D        | Reached XP level 6. HP: 18/32 MP: 11/11
   387 | D        | Found Xilephi's Distillery.
   387 | D        | Found Nattiz's Assorted Antiques.
   393 | D        | Bought a scroll labelled MAUSTI KUFA for 20 gold pieces
   393 | D        | Bought a fizzy cyan potion for 18 gold pieces
   393 | D        | Bought a fizzy cyan potion for 18 gold pieces
   394 | D        | Bought a potion of heal wounds for 65 gold pieces
   394 | D        | Bought a potion of degeneration for 13 gold pieces
   394 | D        | Bought a potion of might for 52 gold pieces
   504 | D        | Noticed a burning bush
   504 | D        | Noticed a wandering mushroom
   505 | D        | Noticed a wandering mushroom
   509 | D        | Killed a wandering mushroom
   509 | D        | Killed from afar by a burning bush

Illustrated notes

Levels and vault maps discovered:
D:        dungeon_sprint_fedhas [sprint_temple]

Skill      XL: |  1  2  3  4  5 |
---------------+----------------+-----
Stealth        | 8 9 11 12 14 | 14.8
Dodging        | 2 3 4 5 |  5.6
Fighting       | 2 3 |  3.6
Throwing       | 3 4 |  4.0
Short Blades   | 3 |  3.4
Spellcasting   | 1 3 |  3.0
Hexes          | 1 3 |  3.0
Evocations     | 1 |  1.3

Action                   |  1- 3 |  4- 6 || total
-------------------------+-------+-------++-------
Melee: Dagger            |     3 |    13 ||    16
Throw: Dart              |    10 |     9 ||    19
 Abil: Evoke Invisibilit |       |     3 ||     3
 Stab: Sleeping          |     2 |     5 ||     7
Dodge: Dodged            |     9 |    12 ||    21
